Map: Overgrown Facility

Players

Winthrowe - Winner!

  • Race: Terran Terran
  • League: Silver
  • Spawn Location: 9:00

Nikitta

  • Race: Terran Terran
  • Spawn Location: 3:00

A.I. 2 (Medium) - Winner!

  • Race: Terran Terran
  • Spawn Location: 7:00

A.I. 3 (Harder)

  • Race: Terran Terran
  • Spawn Location: 1:00

VOD

Have the link to the VOD?

Description

Time

  • Played on: Aug. 28, 2017, 7:10 p.m.
  • Length: 17:21
Show
View Real Time Build Order
Export as new Build Order

Winthrowe Terran - Winner!

Build Orders: MMM Bio 

Get SALT Encoding   

  12  0:01  SCV  
  13  0:19  Supply Depot  
  13  0:20  SCV  
  14  0:32  SCV  
  15  0:44  SCV  
  16  0:56  SCV  
  17  0:59  Barracks  
  17  1:02  Refinery  
  17  1:08  SCV  
  18  1:20  SCV  
  19  1:32  SCV  
  20  1:40  Refinery  
  20  1:44  SCV  
  21  1:54  Barracks  
  21  1:55  Marine  
  21  1:56  SCV  
  23  2:19  Supply Depot  
  23  2:24  Supply Depot  
  23  2:41  Marine, SCV  
  25  2:45  Barracks Reactor  
  25  2:49  Barracks  
  25  2:53  SCV, Barracks  
  26  3:05  SCV  
  27  3:15  Barracks Tech Lab  
  27  3:17  SCV  
  28  3:24  Marine x2  
  30  3:29  SCV  
  31  3:40  Command Center  
  31  3:41  SCV  
  31  3:42  Marine x2, Engineering Bay  
  34  3:50  Engineering Bay  
  34  3:53  Marine x2  
  36  4:00  Marine x2  
  36  4:01  Stimpack  
  38  4:11  Barracks Tech Lab  
  38  4:14  SCV  
  39  4:47  Supply Depot  
  39  4:49  Supply Depot  
  39  4:50  Barracks Reactor  
  39  4:51  Marine x2, SCV, Combat Shields  
  42  5:02  Planetary Fortress  
  42  5:03  SCV  
  43  5:16  Orbital Command  
  43  5:26  Marine x4  
  43  5:27  Marine x2  
  49  5:44  Marine x2  
  49  5:45  Marine, Marauder  
  49  5:46  Marine, Marauder  
  57  5:52  SCV  
  57  5:53  SCV  
  59  6:02  Concussive Shells  
  59  6:04  SCV  
  59  6:06  Terran Infantry Weapons Level 1, Terran Infantry Armor Level 1  
  59  6:07  Marauder  
  62  6:30  Factory  
  62  6:40  Ghost Academy  
  62  6:41  Marauder  
  62  6:42  Marine x3, Marauder  
  62  6:43  Marine  
  70  7:11  Marine x2  
  70  7:12  Marine x2, SCV  
  70  7:13  SCV  
  70  7:14  Marauder x2  
  54  7:28  Marine  
  54  7:29  Marine  
  54  7:35  Starport, Marauder  
  54  7:36  Marauder  
  58  7:40  Armory  
  58  7:42  Marine x2  
  60  7:46  Marine  
  60  7:47  Marine  
  62  7:57  Marauder x2  
  66  8:00  Marine x2  
  68  8:07  Marine x2  
  70  8:19  Refinery  
  70  8:24  Refinery  
  70  8:47  Starport Tech Lab, Command Center  
  70  8:50  Factory Tech Lab  
  70  9:02  Terran Infantry Weapons Level 2  
  70  9:11  Supply Depot  
  70  9:13  Supply Depot  
  70  9:32  Marine x3, SCV  
  70  9:33  Supply Depot, Marauder x2  
  70  9:34  Marine  
  70  9:35  Viking, SCV  
  70  9:36  Supply Depot  
  82  9:44  SCV  
  83  9:47  SCV  
  83  9:50  Marine x2  
  80  9:54  Marauder x2  
  80  10:03  Marine x2  
  80  10:04  Viking  
  84  10:08  Marine x2  
  84  10:12  Thor  
  92  10:15  Marauder x2  
  96  10:34  Viking  
  98  10:40  Marine x2, Marauder x2  
  98  10:41  Marine  
  105  10:43  SCV x2  
  105  10:55  SCV  
  106  11:04  Viking  
  111  11:11  Cyclone  
  111  11:17  Marine  
  111  11:18  Terran Infantry Armor Level 2, Marine x3  
  115  11:34  Medivac  
  117  11:45  Cyclone  
  94  11:56  Marauder  
  94  11:57  Marine, Marauder  
  94  11:58  Marine x3  
  102  12:04  Medivac  
  104  12:15  Marine x4  
  103  12:17  Thor, Marine  
  103  12:18  Marine  
  114  12:27  SCV x2  
  116  12:33  Marine  
  117  12:40  Supply Depot  
  117  12:46  Marine, SCV, Medivac, Marauder x2  
  117  12:47  SCV  
  126  12:54  Supply Depot  
  126  12:56  Supply Depot  
  126  12:59  SCV  
  126  13:04  Supply Depot  
  120  13:15  Marine x4, Marauder x2  
  120  13:16  Medivac  
  129  13:20  Supply Depot  
  127  13:33  Marine x3  
  128  13:36  Marauder  
  127  13:57  Orbital Command  
  127  14:12  Command Center  
  127  14:27  Command Center  
  123  14:44  Marine x2, Marauder x2  
  123  14:45  Marine x2  
  130  14:51  Medivac  
  133  15:02  Marine x2  
  133  15:03  Marine x2  
  133  15:05  Supply Depot, Marauder x2  
  140  15:21  Medivac  
  142  15:28  Supply Depot  
  142  15:58  Marine, Marauder x2  
  142  15:59  Marine x3  
  150  16:20  Marauder  
Show
View Real Time Build Order
Export as new Build Order

Nikitta Terran 

Build Orders:  

Get SALT Encoding   

  12  0:13  SCV  
  13  0:23  Refinery  
  13  0:25  SCV  
  14  0:37  SCV  
  15  1:11  Supply Depot  
  15  1:33  SCV  
  15  1:35  Supply Depot  
  16  1:45  SCV  
  17  1:53  Refinery  
  17  1:57  SCV  
  17  1:59  Supply Depot  
  18  2:03  Barracks  
  18  2:09  SCV  
  19  2:21  SCV  
  20  2:30  Engineering Bay  
  20  2:46  SCV  
  21  2:55  Marine  
  22  2:59  SCV  
  23  3:12  Bunker  
  23  3:13  Marine  
  24  3:31  Marine  
  25  3:43  Bunker  
  25  3:49  Marine  
  25  3:54  Command Center  
  26  4:06  Marine  
  27  4:26  Supply Depot  
  27  4:40  Terran Infantry Weapons Level 1  
  27  4:42  Marine  
  28  4:58  Supply Depot  
  28  5:00  Marine  
  29  5:07  SCV  
  29  5:13  Missile Turret  
  30  5:19  SCV  
  31  5:25  Barracks Tech Lab  
  31  5:41  SCV  
  32  5:50  Marauder  
  32  5:53  SCV  
  35  6:02  Supply Depot  
  35  6:05  SCV  
  36  6:18  Missile Turret, SCV  
  37  7:18  Command Center  
  37  7:26  Marauder  
  39  7:46  Factory  
  39  7:47  SCV  
  39  7:48  Marauder  
  42  7:59  SCV  
  43  8:09  Marauder  
  43  8:12  SCV  
  46  8:22  Terran Infantry Armor Level 1  
  46  8:30  Marauder  
  48  8:52  Marauder  
  48  8:53  Hellion  
  52  9:14  Hellion  
  54  9:35  Hellion  
  46  9:57  Hellion  
  41  10:02  Marine  
  42  10:17  Barracks  
  42  10:18  Hellion  
  42  10:20  Marine  
  45  10:38  Marine  
  45  10:39  Widow Mine  
  48  10:45  Starport  
  48  10:47  SCV  
  49  10:55  Marine  
  50  10:59  SCV  
  51  11:07  Widow Mine  
  51  11:11  SCV  
  54  11:13  Marine  
  54  11:17  Marine  
  56  11:23  SCV  
  57  11:30  Fusion Core  
  57  11:31  Marine  
  58  11:35  Marine, SCV  
  58  11:36  Widow Mine  
  56  11:49  Marine  
  56  11:53  Marine  
  46  12:04  Widow Mine  
  46  12:07  Marine  
  46  12:09  Viking  
  46  12:11  Marine  
  46  12:24  Marine  
  46  12:29  Marine  
  48  12:33  Cyclone  
  51  12:39  Viking  
  51  12:42  Marine  
  54  12:47  Marine  
  55  13:00  Marine  
  55  13:04  Marine  
  55  13:05  Cyclone  
  55  13:09  Viking  
  50  13:18  Marine  
  51  13:22  Marine  
  47  13:36  Marine  
  47  13:38  Hellion  
  47  13:39  Viking  
  47  13:40  Marine  
  51  13:54  Marine  
  52  13:58  Marine  
  52  13:59  Cyclone  
  56  14:09  Viking  
  58  14:11  Marine  
  58  14:12  Weapon Refit  
  58  14:13  Bunker  
  58  14:16  Marine  
  60  14:29  Marine  
  63  14:31  Hellion  
  63  14:33  Marine  
  64  14:39  Medivac  
  66  14:47  Marine  
  66  14:51  Marine  
  70  14:53  Hellion  
  64  15:05  Marine  
  51  15:09  Viking, Marine  
  54  15:14  Hellion  
  54  15:23  Marine  
  54  15:27  Marine  
  58  15:35  Hellion  
  58  15:39  Viking  
  58  15:40  Marine  
  61  15:45  Marine  
  64  15:57  Hellion  
  64  15:59  Marauder  
  64  16:02  Marine  
  67  16:09  Viking  
  69  16:18  Cyclone  
  72  16:20  Marine, Marauder  
  75  16:38  Marine  
  75  16:39  Viking  
  74  16:42  Marauder  
  52  16:56  Marine  
Show
View Real Time Build Order
Export as new Build Order

A.I. 2 (Medium) Terran - Winner!

Build Orders:  

Get SALT Encoding   

  12  0:01  SCV  
  13  0:13  SCV  
  14  0:19  Supply Depot  
  14  0:25  SCV  
  15  0:41  SCV  
  16  0:46  Barracks  
  16  0:52  Refinery  
  16  0:53  SCV  
  17  1:05  SCV  
  18  1:20  Supply Depot  
  18  1:34  Marine  
  18  1:36  Orbital Command  
  19  1:40  Barracks  
  19  1:50  Refinery  
  19  1:53  Barracks Tech Lab  
  19  2:11  Marine  
  20  2:18  Supply Depot  
  20  2:29  Marine  
  21  2:37  Marine  
  22  2:49  Marine  
  23  2:55  Supply Depot  
  23  3:02  Marine  
  24  3:05  SCV  
  25  3:15  Marine  
  25  3:18  SCV  
  27  3:24  Engineering Bay  
  27  3:28  Marine  
  27  3:30  SCV  
  29  3:42  SCV, Marauder  
  32  3:54  Marine, SCV  
  34  3:58  Supply Depot  
  34  4:06  SCV  
  34  4:07  Marauder  
  37  4:20  Marine  
  38  4:32  Marine  
  39  4:39  Command Center  
  39  4:51  Marauder  
  41  6:52  SCV, Refinery  
  41  6:53  Barracks Tech Lab  
  42  6:55  Factory, SCV  
  42  6:59  Factory  
  42  7:00  Missile Turret  
  43  7:03  Missile Turret  
  43  7:04  Missile Turret, SCV  
  43  7:06  Missile Turret  
  43  7:07  SCV  
  45  7:13  Sensor Tower  
  45  7:15  Refinery  
  45  7:16  SCV  
  45  7:18  Barracks  
  45  7:19  SCV  
  47  7:24  Bunker  
  47  7:26  Bunker  
  47  7:28  SCV  
  48  7:31  SCV  
  48  7:35  Marauder  
  38  7:38  Factory Tech Lab  
  38  7:41  Armory, SCV  
  38  7:43  SCV  
  36  7:45  Starport, Factory Tech Lab  
  36  7:46  Marine  
  37  7:53  SCV  
  37  7:55  SCV  
  39  7:58  Marine  
  39  8:05  Barracks Reactor, SCV  
  41  8:08  SCV  
  41  8:11  Marine, Supply Depot  
  43  8:17  SCV  
  44  8:20  SCV  
  44  8:22  Starport Tech Lab  
  44  8:23  Marine  
  46  8:29  SCV  
  46  8:32  SCV  
  48  8:35  Marine  
  48  8:40  Raven  
  51  8:41  SCV  
  51  8:44  SCV  
  51  8:47  Marine, Supply Depot  
  54  8:53  SCV  
  55  8:56  SCV  
  55  9:00  Marauder  
  58  9:05  SCV  
  58  9:08  SCV  
  60  9:12  Siege Tank  
  63  9:17  SCV  
  63  9:23  Raven  
  63  9:24  Siege Tank  
  61  9:28  Sensor Tower  
  61  9:29  Supply Depot  
  60  9:31  SCV  
  60  9:35  SCV  
  60  9:36  Marine  
  58  9:44  SCV  
  58  9:45  Hellion  
  52  9:47  SCV  
  47  9:56  SCV, Hellion  
  47  9:59  SCV  
  51  10:03  Marine  
  51  10:06  Raven  
  54  10:08  SCV  
  54  10:11  SCV  
  56  10:16  Marine  
  56  10:20  SCV  
  58  10:23  SCV  
  58  10:28  Marine  
  60  10:40  Marine  
  61  10:49  Viking  
  63  11:00  Cyclone  
  66  11:12  Marine  
  66  11:24  Marine  
  67  11:37  Marauder  
  67  11:39  Medivac  
  71  11:40  Stimpack, Combat Shields  
  71  11:41  Terran Infantry Weapons Level 1  
  71  11:45  Starport  
  71  11:47  Supply Depot  
  71  11:48  Marine  
  71  11:51  Ghost Academy  
  71  11:52  Command Center  
  72  11:56  Fusion Core  
  72  12:00  Engineering Bay, Marauder  
  74  12:06  Armory  
  74  12:09  Medivac  
  74  12:11  Siege Tank  
  74  12:12  Supply Depot  
  79  12:21  Starport Reactor  
  79  12:22  Thor  
  85  12:25  Terran Infantry Armor Level 1  
  85  12:39  Raven  
  85  12:43  Siege Tank  
  90  12:49  Marine  
  81  13:01  Marine  
  81  13:04  SCV  
  77  13:07  SCV, Refinery  
  77  13:10  SCV  
  79  13:13  Marine  
  79  13:16  SCV  
  79  13:18  Missile Turret  
  79  13:19  SCV  
  82  13:21  Missile Turret  
  82  13:22  SCV  
  82  13:25  Marine, Refinery  
  84  13:29  SCV  
  84  13:31  SCV  
  86  13:34  SCV  
  86  13:37  Cyclone  
  86  13:41  SCV  
  89  13:42  Bunker  
  92  13:48  Siege Tank  
  92  14:09  Thor  
  98  15:26  Command Center  
  98  16:04  Hellion  
  98  16:08  Supply Depot  
  98  16:09  Widow Mine  
  102  16:15  Marine  
  103  16:21  Marine  
  104  16:28  Hellion  
  106  16:38  Siege Tank  
  109  16:41  Refinery  
  109  16:48  Widow Mine  
  111  16:56  Missile Turret  
  111  16:59  Missile Turret  
  111  17:10  Refinery  
Show
View Real Time Build Order
Export as new Build Order

A.I. 3 (Harder) Terran 

Build Orders: MMM Bio 

Get SALT Encoding   

  12  0:01  SCV  
  13  0:13  SCV  
  14  0:19  Supply Depot  
  14  0:25  SCV  
  15  0:41  SCV  
  16  0:44  Barracks  
  16  0:52  Refinery  
  16  0:53  SCV  
  17  1:05  SCV  
  18  1:17  SCV  
  19  1:25  Supply Depot  
  19  1:31  SCV  
  20  1:34  Marine  
  21  1:46  Orbital Command, Barracks  
  21  1:53  Barracks Tech Lab, Refinery  
  21  2:11  Marine  
  21  2:14  Supply Depot  
  24  2:30  Marauder  
  24  2:32  Marine  
  25  2:50  Marine x2  
  27  2:58  Supply Depot  
  27  3:08  Marine x2  
  29  3:19  SCV  
  30  3:25  Marine, Engineering Bay  
  30  3:26  Marine  
  32  3:31  SCV  
  33  3:34  Supply Depot  
  33  3:43  Marine, SCV  
  33  3:44  Marine  
  36  3:55  SCV  
  36  4:02  Marauder  
  39  4:08  SCV  
  40  4:20  SCV  
  40  4:24  Marauder  
  43  4:44  Barracks Tech Lab  
  43  4:45  Stimpack, Marauder  
  45  4:48  Factory  
  45  4:51  Factory  
  45  4:57  Command Center  
  45  5:02  Combat Shields  
  45  5:06  Reaper  
  46  5:14  Terran Infantry Weapons Level 1  
  46  5:22  Marine  
  45  5:33  Starport  
  45  5:34  Factory Tech Lab x2  
  45  5:36  Starport  
  45  5:38  Marine  
  45  5:40  Marauder  
  48  5:47  Supply Depot  
  48  5:56  Reaper  
  49  6:01  Marine  
  49  6:02  Ghost Academy  
  50  6:10  Starport Tech Lab  
  50  6:13  SCV  
  50  6:17  Starport Tech Lab, Refinery  
  50  6:18  SCV  
  52  6:19  Marauder  
  52  6:23  Concussive Shells  
  52  6:25  SCV  
  55  6:30  SCV  
  55  6:32  Ghost  
  56  6:37  SCV  
  59  6:42  SCV  
  59  6:45  Raven  
  62  6:49  SCV  
  62  6:50  Missile Turret  
  63  6:54  SCV  
  63  6:57  Missile Turret  
  64  7:01  SCV  
  64  7:05  Missile Turret  
  64  7:06  SCV  
  66  7:08  Terran Infantry Armor Level 1  
  66  7:10  Raven  
  66  7:12  Marine  
  66  7:13  SCV  
  66  7:14  Missile Turret  
  69  7:17  Marine  
  69  7:18  SCV  
  61  7:25  SCV  
  61  7:29  Marine  
  62  7:31  SCV  
  62  7:35  Marine  
  65  7:37  SCV  
  65  7:43  Supply Depot, SCV  
  67  7:47  Marine  
  67  7:50  SCV  
  69  7:53  Marine  
  69  7:55  SCV  
  71  8:01  Bunker  
  71  8:05  Marine  
  71  8:10  Sensor Tower  
  71  8:11  Marine  
  73  8:13  Bunker  
  73  8:23  Marine  
  74  8:28  Armory  
  74  8:29  Marine  
  74  8:32  Barracks  
  74  8:41  Marine  
  75  8:42  Siege Tank  
  75  8:44  Supply Depot  
  78  8:48  Siege Tank  
  78  8:49  Command Center  
  78  8:55  Factory  
  81  9:02  Starport  
  81  9:13  Widow Mine  
  83  9:18  Barracks Reactor  
  83  9:20  Thor  
  88  9:25  Supply Depot  
  88  9:27  Medivac  
  90  9:39  Starport Reactor, Factory Tech Lab, Refinery  
  90  9:40  Medivac  
  90  9:50  Marine  
  71  9:57  Marine, Medivac  
  68  10:03  Marine, Refinery  
  69  10:10  Marine  
  69  10:11  Refinery  
  70  10:15  Raven  
  70  10:16  Marine  
  73  10:32  Raven  
  74  10:51  SCV  
  74  10:54  SCV  
  74  10:56  Siege Tank, SCV  
  80  10:57  Raven  
  80  11:03  SCV  
  83  11:05  Siege Tank  
  83  11:06  SCV  
  83  11:08  SCV  
  88  11:12  Siege Tank  
  88  11:15  SCV  
  88  11:18  SCV  
  93  11:20  SCV  
  94  11:28  SCV, Widow Mine  
  94  11:30  SCV  
  94  11:32  SCV  
  99  11:33  Supply Depot  
  99  11:37  Thor  
  99  11:38  Marine  
  101  11:40  Raven, SCV  
  101  11:42  SCV  
  101  11:45  Hellion  
  97  11:49  Marine  
  97  11:50  Medivac  
  84  11:55  Marine  
  84  11:57  Viking, Hellion  
  75  12:04  Viking  
  75  12:06  Hellion  
  76  12:10  Marine  
  77  12:18  Hellion  
  77  12:20  Viking  
  77  12:21  Marine  
  75  12:28  Marine  
  75  12:34  Marine  
  73  12:38  Viking  
  73  12:40  Marine  
  73  12:41  Marine, Siege Tank  
  78  12:45  Marine  
  75  12:52  Marine  
  75  12:54  Viking  
  74  12:58  Marine  
  74  13:02  Marine  
  72  13:05  Marine  
  72  13:10  Marauder  
  60  13:16  Marine  
  60  13:17  Viking  
  55  13:20  Marine  
  55  13:21  Hellion  
  36  13:41  Marine  
  36  13:42  Marine x3  
  27  13:50  SCV  
  27  13:51  SCV  
  27  13:54  Viking  
  26  13:59  Marine  
  24  14:02  SCV  
  24  14:03  SCV  
  20  14:21  SCV  
  18  14:24  SCV  
  16  14:34  SCV  
  17  14:52  SCV  
  12  15:18  SCV  
  9  15:30  SCV  
  5  15:57  Command Center  
  5  15:59  Supply Depot  
Tags
 
Add a new tag
Caveats
  • Supply blocks, unpowered buildings, or Contaminate may cause inaccurate times.
  • Supply counts are checked every 10 seconds.